[Event "January 2 Late 2024"]
[Site "https://www.chess.com"]
[Date "2024.01.02"]
[Round "5"]
[White "Fantinel, Thibault"]
[Black "Suvorov, Luca"]
[Result "1-0"]
[Board "94"]
[TimeControl "180+1"]
[WhiteFideId "663395"]
[BlackFideId "12977071"]
[WhiteElo "2662"]
[BlackElo "2492"]
[WhiteTeam "FRA"]
[BlackTeam "GER"]
[WhiteClock "0:00:11"]
[BlackClock "0:00:00"]

1. e4 d6 2. d4 Nf6 3. Nc3 Nbd7 4. g3 e5 5. Nge2 h5 6. h3 Be7 7. Bg2 c6 8. a4 Qc7 9. O-O b6 10. Be3 a5 11. f4 Ba6 12. Rf2 O-O-O 13. Qd2 Kb7 14. Nc1 c5 15. d5 h4 16. g4 exf4 17. Bxf4 Nh7 18. Nd3 f6 19. b3 Ne5 20. Nb2 Nf8 21. Bf1 Bxf1 22. Raxf1 Nfg6 23. Nb5 Qd7 24. Na3 Rde8 25. Nbc4 Bd8 26. Bxe5 Nxe5 27. Nxe5 Rxe5 28. Qd3 Rhe8 29. Re2 Bc7 30. Nc4 Rg5 31. Kh1 Qf7 32. Qf3 Qg6 33. Rfe1 Qh7 34. Qf4 Rg6 35. Re3 Rd8 36. c3 Rh6 37. Na3 Qg8 38. Nc4 Qe8 39. Rb1 Ka7 40. Na3 Qe5 41. Qxe5 dxe5 42. Rf3 Rhh8 43. Rbf1 Kb7 44. Rf5 1-0

[Event "January 2 Late 2024"]
[Site "https://www.chess.com"]
[Date "2024.01.02"]
[Round "5"]
[White "Olsson, Linus"]
[Black "Palomo, Franklin Annervys"]
[Result "0-1"]
[Board "95"]
[TimeControl "180+1"]
[WhiteFideId "1706098"]
[BlackFideId "3906965"]
[WhiteElo "2485"]
[BlackElo "2658"]
[WhiteTeam "SWE"]
[BlackTeam "VEN"]
[WhiteClock "0:00:05"]
[BlackClock "0:00:32"]

1. d4 Nf6 2. c4 e6 3. g3 c5 4. d5 exd5 5. cxd5 d6 6. Nc3 Be7 7. Bg2 O-O 8. Nf3 a6 9. a4 Nbd7 10. O-O Re8 11. h3 Bf8 12. Nd2 Ne5 13. f4 Ng6 14. e4 Rb8 15. a5 b5 16. axb6 Rxb6 17. Nc4 Rb4 18. Qd3 Nd7 19. Na5 Qb6 20. Kh2 Nf6 21. Nc6 Rb3 22. Qc4 Bb7 23. e5 dxe5 24. f5 Ne7 25. Nxe5 Nc8 26. Nxf7 Rb4 27. Qa2 Kxf7 28. d6+ c4 29. Bxb7 Qxb7 30. Rf2 Nxd6 31. Bg5 Nde4 32. Be3 Nxf2 33. Bxf2 Rxb2 34. Qxc4+ Ke7 35. Qe6+ Kd8 36. Rd1+ Nd7 37. Qc4 Rxf2+ 38. Kg1 Qg2# 0-1

[Event "January 2 Late 2024"]
[Site "https://www.chess.com"]
[Date "2024.01.02"]
[Round "5"]
[White "Perske, Thore"]
[Black "Alimpic, Aleksa"]
[Result "0-1"]
[Board "96"]
[TimeControl "180+1"]
[WhiteFideId "12902195"]
[BlackFideId "974323"]
[WhiteElo "2654"]
[BlackElo "2491"]
[WhiteTeam "GER"]
[BlackTeam "SRB"]
[WhiteClock "0:02:12"]
[BlackClock "0:02:16"]

1. d4 d5 2. Nf3 e6 3. g3 Nf6 4. Bg2 b5 5. O-O Bb7 6. a4 b4 7. a5 Be7 8. c3 bxc3 9. bxc3 O-O 10. Ne5 a6 11. c4 Nbd7 12. Nxd7 Qxd7 13. c5 Rfe8 14. Bg5 h6 15. Bxf6 Bxf6 16. f4 Bc6 17. Nc3 Reb8 18. Qc2 Bxd4+ 0-1

[Event "January 2 Late 2024"]
[Site "https://www.chess.com"]
[Date "2024.01.02"]
[Round "5"]
[White "Marn, Jan"]
[Black "Agibileg, Uurtsaikh"]
[Result "0-1"]
[Board "97"]
[TimeControl "180+1"]
[WhiteFideId "14619245"]
[BlackFideId "4901606"]
[WhiteElo "2483"]
[BlackElo "2648"]
[WhiteTeam "SLO"]
[BlackTeam "MGL"]
[WhiteClock "0:00:04"]
[BlackClock "0:00:25"]

1. d4 Nf6 2. Nc3 d5 3. Bg5 Nbd7 4. Nf3 e6 5. e4 h6 6. Bxf6 Nxf6 7. exd5 exd5 8. Bd3 Bd6 9. O-O O-O 10. h3 c6 11. Re1 Nh5 12. Ne5 Nf4 13. Bf1 Qg5 14. Kh1 Bf5 15. Ne2 f6 16. Nf3 Qh5 17. Nxf4 Bxf4 18. Bd3 Rae8 19. Bxf5 Qxf5 20. Qd3 Re4 21. Kg1 Rfe8 22. Kf1 Kh8 23. Nd2 Rxe1+ 24. Rxe1 Qxd3+ 25. cxd3 Rxe1+ 26. Kxe1 Bxd2+ 27. Kxd2 Kg8 28. b4 Kf7 29. a4 Ke6 30. Ke3 Kf5 31. Kd2 h5 32. Ke3 h4 33. Kf3 g5 34. Ke3 g4 35. Ke2 Kf4 36. hxg4 Kxg4 37. Ke3 f5 38. Ke2 f4 39. Kf1 f3 40. Kg1 fxg2 41. Kxg2 h3+ 42. Kh2 Kf3 43. Kxh3 Kxf2 44. Kg4 Ke3 45. Kf5 Kxd4 46. Ke6 Kxd3 47. Kd7 Kc4 48. Kc7 Kxb4 49. Kxb7 Kxa4 0-1

[Event "January 2 Late 2024"]
[Site "https://www.chess.com"]
[Date "2024.01.02"]
[Round "5"]
[White "Huang, Youhe"]
[Black "Aghasiyev, Kamal"]
[Result "1-0"]
[Board "98"]
[TimeControl "180+1"]
[WhiteFideId "2629445"]
[BlackFideId "13402854"]
[WhiteElo "2482"]
[BlackElo "2645"]
[WhiteTeam "CAN"]
[BlackTeam "AZE"]
[WhiteClock "0:00:03"]
[BlackClock "0:00:20"]

1. e4 c5 2. Nf3 d6 3. Nc3 Nf6 4. e5 dxe5 5. Nxe5 Nbd7 6. Qe2 e6 7. g3 Nxe5 8. Qxe5 Bd6 9. Qg5 O-O 10. Bg2 a6 11. d3 Qc7 12. O-O Bd7 13. Ne4 Nxe4 14. dxe4 Bc6 15. Be3 b6 16. Rad1 Rad8 17. Qh4 Be7 18. Qg4 f5 19. Qh3 Qb7 20. exf5 Rxd1 21. Rxd1 exf5 22. Bxc6 Qxc6 23. Qg2 Qxg2+ 24. Kxg2 Rd8 25. Rxd8+ Bxd8 26. c4 Kf7 27. a4 a5 28. Kf3 g5 29. g4 Ke6 30. Kg3 f4+ 31. Bxf4 gxf4+ 32. Kxf4 Bh4 33. f3 Bf6 34. b3 h6 35. Ke4 Bd4 36. f4 Bg1 37. h4 Bh2 38. g5 hxg5 39. fxg5 Bg1 40. h5 Bd4 41. h6 Kf7 42. Kf5 Be3 43. g6+ Kg8 44. h7+ Kg7 45. Ke6 Bd4 46. Kd5 Kxg6 47. Kc6 Kxh7 48. Kxb6 Kg6 49. Kxa5 Kf5 50. Kb5 Ke6 51. Kc6 Bc3 52. Kxc5 Kd7 53. b4 Kc7 54. a5 Kb7 55. Kb5 Ka7 56. c5 Be1 57. c6 Bd2 58. Kc5 Be1 59. Kc4 Bd2 60. Kb3 Be1 61. Ka4 Bd2 62. b5 Be3 63. Kb4 Bd2+ 64. Ka4 Be3 65. c7 Kb7 66. b6 Bf4 67. Kb5 Bxc7 68. a6+ Kc8 69. a7 1-0

[Event "January 2 Late 2024"]
[Site "https://www.chess.com"]
[Date "2024.01.02"]
[Round "5"]
[White "Niedbala, Bartlomiej"]
[Black "Petre, Nad-Titus"]
[Result "1-0"]
[Board "99"]
[TimeControl "180+1"]
[WhiteFideId "21834008"]
[BlackFideId "1204165"]
[WhiteElo "2644"]
[BlackElo "2475"]
[WhiteTeam "POL"]
[BlackTeam "ROU"]
[WhiteClock "0:00:07"]
[BlackClock "0:00:00"]

1. e4 e5 2. Nf3 Nc6 3. Bb5 a6 4. Ba4 d6 5. O-O Nf6 6. Re1 Bd7 7. c3 g6 8. d4 Bg7 9. Bg5 h6 10. Bh4 O-O 11. Nbd2 b5 12. Bc2 exd4 13. cxd4 g5 14. Bg3 Nb4 15. Bb1 c5 16. Bxd6 Re8 17. dxc5 Bg4 18. a3 Nc6 19. Qc2 Bh5 20. e5 Bg6 21. Qd1 Nh5 22. Bxg6 fxg6 23. Qb3+ Kh7 24. h3 Nf4 25. Rad1 Qd7 26. Ne4 Qf5 27. Ng3 Qe6 28. Qxe6 Nxe6 29. Ne4 Kg8 30. Nc3 Kf7 31. Nd5 Ra7 32. Re4 a5 33. h4 gxh4 34. Rxh4 g5 35. Re4 Kg6 36. Nh2 h5 37. Nf1 Rf7 38. Nc3 b4 39. axb4 axb4 40. Ne2 Bh6 41. Ne3 g4 42. Nd5 Ng5 43. Re3 Ne6 44. Red3 h4 45. f3 Ng5 46. f4 h3 47. fxg5 h2+ 48. Kxh2 Bxg5 49. Kg1 Rf5 50. Ng3 Rfxe5 51. Bxe5 Nxe5 52. Rd4 b3 53. Re4 1-0

[Event "January 2 Late 2024"]
[Site "https://www.chess.com"]
[Date "2024.01.02"]
[Round "5"]
[White "Hajiyev, Kanan"]
[Black "Flynn, Jacob"]
[Result "0-1"]
[Board "100"]
[TimeControl "180+1"]
[WhiteFideId "13404148"]
[BlackFideId "2509393"]
[WhiteElo "2624"]
[BlackElo "2466"]
[WhiteTeam "AZE"]
[BlackTeam "IRL"]
[WhiteClock "0:00:14"]
[BlackClock "0:00:14"]

1. d4 d5 2. Nf3 Nf6 3. c4 e6 4. cxd5 exd5 5. Qc2 c6 6. Nc3 Be7 7. Bf4 O-O 8. e3 Re8 9. Bd3 Nbd7 10. O-O Nf8 11. h3 Ne6 12. Be5 g6 13. Rab1 a5 14. Rfc1 Ng7 15. Na4 Bf5 16. Nc5 Bxc5 17. dxc5 Bxd3 18. Qxd3 Nd7 19. Bf4 Qe7 20. Bd6 Qe4 21. Qxe4 Rxe4 22. Nd4 Ne6 23. Nxe6 fxe6 24. b3 Kf7 25. a3 e5 26. f3 Rxe3 27. Kf2 d4 28. f4 Ke6 29. Rc4 Kd5 30. fxe5 Nxe5 31. Bxe5 Kxe5 32. Rd1 Rf8+ 33. Kg1 Rf4 34. b4 Rxa3 35. bxa5 Rxa5 36. Rb1 Rb5 37. Rxb5 cxb5 38. Rb4 d3 39. Rxb5 d2 40. Rb1 Kd4 41. g3 Rf8 42. Kg2 Kd3 43. Rxb7 d1=Q 44. Rd7+ Kc2 45. Rxd1 Kxd1 46. c6 Rc8 47. Kf3 Rxc6 48. Kf4 h6 49. h4 Ke2 50. g4 Kd3 51. Ke5 Ke3 52. Kd5 Ra6 53. Ke5 Kf3 54. g5 h5 55. Kd5 Kg4 0-1

[Event "January 2 Late 2024"]
[Site "https://www.chess.com"]
[Date "2024.01.02"]
[Round "5"]
[White "Brown_Mamba24"]
[Black "Kazmaier, Daniel"]
[Result "1-0"]
[Board "101"]
[TimeControl "180+1"]
[BlackFideId "2606089"]
[WhiteElo "2616"]
[BlackElo "2465"]
[BlackTeam "CAN"]
[WhiteClock "0:00:11"]
[BlackClock "0:00:08"]

1. d4 f5 2. g3 Nf6 3. Bg2 g6 4. Nh3 Bg7 5. Nf4 O-O 6. h4 d6 7. d5 Ng4 8. Nc3 c6 9. O-O e5 10. dxe6 d5 11. a4 Qd6 12. a5 Bxe6 13. Nxe6 Qxe6 14. Nxd5 Na6 15. Nf4 Qe7 16. c3 Nc5 17. a6 Nxa6 18. Qb3+ Kh8 19. Ne6 Rfe8 20. Nxg7 Qxg7 21. Qc4 Ne5 22. Qa2 Nc5 23. Be3 Ne6 24. Rad1 Ng4 25. Bc1 Nc5 26. b4 Ne4 27. Bb2 Ngf6 28. c4 Kg8 29. c5+ Qf7 30. Qa1 a6 31. Rd3 Rad8 32. Rfd1 Rxd3 33. exd3 Nxf2 34. Kxf2 Ng4+ 35. Kg1 Ne3 36. Rd2 Nxg2 37. Rxg2 Qd5 38. Bh8 Re7 39. Bf6 Re6 40. Qd4 Re1+ 41. Kh2 Qxd4 42. Bxd4 Rd1 43. Be5 Rxd3 44. Rb2 Re3 45. Bf4 Rd3 46. Kg2 Kf7 47. Kf2 h5 48. Ke2 Rd4 49. Bd2 Ke6 50. Rb3 Kd5 51. Rd3 Ke4 52. Re3+ Kd5 53. Re7 Re4+ 54. Rxe4 Kxe4 55. Bf4 Kd4 56. Bd2 Ke4 57. Kf2 Kd3 58. Be1 Ke4 59. Ke2 Kd4 60. Kf3 Kd3 61. Kf4 Ke2 62. Bc3 Kd3 63. Be1 Ke2 64. Kg5 Kxe1 65. Kxg6 Kf2 66. Kxf5 Kxg3 67. Kg5 Kf3 68. Kxh5 Ke4 69. Kg6 Kd4 70. h5 Kc4 71. h6 Kxb4 72. h7 Kxc5 73. h8=Q b5 74. Qc3+ Kb6 75. Kf5 a5 76. Ke5 c5 77. Kd5 c4 78. Qd4+ Kb7 79. Kc5 1-0

[Event "January 2 Late 2024"]
[Site "https://www.chess.com"]
[Date "2024.01.02"]
[Round "5"]
[White "Sztokbant, Bernardo Vainzoff"]
[Black "Garcia, Erick"]
[Result "1-0"]
[Board "102"]
[TimeControl "180+1"]
[WhiteFideId "2115956"]
[BlackFideId "2058880"]
[WhiteElo "2464"]
[BlackElo "2613"]
[WhiteTeam "BRA"]
[BlackTeam "USA"]
[WhiteClock "0:00:07"]
[BlackClock "0:00:36"]

1. e3 d5 2. d3 e5 3. Nf3 Bd6 4. Nc3 c6 5. e4 d4 6. Ne2 Ne7 7. g3 O-O 8. Bg2 c5 9. O-O Nbc6 10. Ne1 Be6 11. f4 f6 12. Nf3 c4 13. Nh4 cxd3 14. cxd3 Rc8 15. Bd2 Nb4 16. Bxb4 Bxb4 17. a3 Bd6 18. Rc1 Qd7 19. Qd2 Rxc1 20. Rxc1 Rc8 21. Rc2 Bb3 22. Rxc8+ Qxc8 23. Qc1 Qxc1+ 24. Nxc1 Bc2 25. fxe5 fxe5 26. Bf1 b5 27. Nf3 a5 28. Ne1 Bb1 29. Bh3 b4 30. a4 Kf7 31. Nb3 Bc7 32. Kf2 Ba2 33. Nd2 Nc6 34. Bd7 Na7 35. Nef3 Ke7 36. Bh3 h6 37. Nh4 Nc6 38. Bg4 Nb8 39. Nf5+ Kf6 40. Bd1 Na6 41. Bb3 Bxb3 42. Nxb3 h5 43. Nh4 g6 44. Nf3 g5 45. Nfd2 Nb8 46. Nc4 Nc6 47. h3 g4 48. hxg4 hxg4 49. Nbd2 Ke6 50. Ke2 Bd8 51. Nf1 Kf6 52. Nh2 Kg5 53. Kd1 b3 54. Nf1 Nb4 55. Ke2 Nc2 56. Nfd2 Bc7 57. Nxb3 Kf6 58. Nbxa5 Na1 59. Kd2 Ke6 60. b4 Kd7 61. Kc1 1-0

[Event "January 2 Late 2024"]
[Site "https://www.chess.com"]
[Date "2024.01.02"]
[Round "5"]
[White "Titus, Andrew"]
[Black "Lopusiewicz, Piotr"]
[Result "1-0"]
[Board "103"]
[TimeControl "180+1"]
[WhiteFideId "2059770"]
[BlackFideId "1116029"]
[WhiteElo "2613"]
[BlackElo "2461"]
[WhiteTeam "USA"]
[BlackTeam "POL"]
[WhiteClock "0:00:12"]
[BlackClock "0:00:01"]

1. e4 e5 2. Nf3 Nc6 3. Bb5 a6 4. Ba4 Nf6 5. O-O Be7 6. Bxc6 dxc6 7. Qe1 Bd6 8. b3 O-O 9. Bb2 Qe7 10. h3 Nd7 11. d4 a5 12. Nbd2 b5 13. dxe5 Nxe5 14. Nxe5 Bxe5 15. Bxe5 Qxe5 16. Qe3 Re8 17. f4 Qb2 18. Nf3 Bf5 19. Ne5 Qxc2 20. exf5 f6 21. Rac1 Qxf5 22. Rxc6 fxe5 23. fxe5 Qxe5 24. Qxe5 Rxe5 25. Rxc7 Rf8 26. Rd1 Ref5 27. Rdd7 Rf1+ 28. Kh2 R1f7 29. Rxf7 Rxf7 30. Rc8+ Rf8 31. Rc5 Rb8 32. Kg3 Kf7 33. Kf4 Rb6 34. g4 Ke6 35. Ke4 a4 36. b4 h6 37. h4 Kf6 38. g5+ hxg5 39. hxg5+ Kg6 40. Re5 Kh5 41. Kd4 Rd6+ 42. Kc5 Rd2 43. Kxb5 Rxa2 44. Ka5 a3 45. Ka4 Ra1 46. b5 a2 47. Ka3 g6 48. Kb2 Rb1+ 49. Kxa2 Rb4 50. Ka3 Rb1 51. Ka4 Kg4 52. Ka5 Kf4 53. Rc5 Ra1+ 54. Kb6 Rb1 55. Kc6 Rg1 56. b6 Rb1 57. b7 Ke4 58. Kc7 1-0

[Event "January 2 Late 2024"]
[Site "https://www.chess.com"]
[Date "2024.01.02"]
[Round "5"]
[White "Golubev, Mikhail"]
[Black "chucksterf10"]
[Result "1-0"]
[Board "104"]
[TimeControl "180+1"]
[WhiteFideId "14100983"]
[WhiteElo "2612"]
[BlackElo "2446"]
[WhiteTeam "UKR"]
[WhiteClock "0:00:47"]
[BlackClock "0:00:01"]

1. e4 e5 2. Nf3 Nc6 3. Bc4 Nf6 4. Ng5 d5 5. exd5 Na5 6. Bb5+ c6 7. dxc6 bxc6 8. Bd3 Bd6 9. O-O O-O 10. Nc3 Bg4 11. Be2 Bf5 12. Bf3 Re8 13. d3 Qc7 14. Nge4 Nxe4 15. dxe4 Be6 16. b3 Rad8 17. Qe2 Nb7 18. Na4 f6 19. Be3 Rd7 20. Bg4 Bf8 21. Rad1 g6 22. Bxe6+ Rxe6 23. Qc4 Kf7 24. Bxa7 Na5 25. Rxd7+ Qxd7 26. Qa6 Bb4 27. Bc5 Bd2 28. Rd1 Nb7 29. Qe2 1-0

[Event "January 2 Late 2024"]
[Site "https://www.chess.com"]
[Date "2024.01.02"]
[Round "5"]
[White "Poltorak, Sebastian"]
[Black "Morales Garcia, Sergio Joshafatt"]
[Result "1-0"]
[Board "105"]
[TimeControl "180+1"]
[WhiteFideId "1199498"]
[BlackFideId "5106249"]
[WhiteElo "2608"]
[BlackElo "2443"]
[WhiteTeam "POL"]
[BlackTeam "MEX"]
[WhiteClock "0:00:06"]
[BlackClock "0:00:00"]

1. a3 d5 2. Nf3 Nf6 3. b4 g6 4. Bb2 Bg7 5. e3 a5 6. Be2 O-O 7. O-O Re8 8. d4 Ne4 9. Nbd2 Nxd2 10. Qxd2 Bf5 11. c4 dxc4 12. Bxc4 Nd7 13. e4 Bg4 14. Ng5 Ne5 15. Qf4 Nxc4 16. Qxf7+ Kh8 17. Qxc4 Rf8 18. h3 e6 19. Bc1 Qxd4 20. Qxd4 Bxd4 21. Ra2 h6 22. hxg4 hxg5 23. bxa5 Rxa5 24. Rd1 e5 25. Bxg5 Rfa8 26. Be7 Kg8 27. Bb4 R5a6 28. Rc2 c6 29. Rd3 c5 30. Bxc5 Rc8 31. Bxd4 Rxc2 32. Bxe5 Kf7 33. f4 Ke6 34. Bh8 Ra2 35. f5+ gxf5 36. gxf5+ Ke7 37. Rh3 Rc6 38. Rh7+ Kf8 39. Be5 Rcc2 40. Rg7 b5 41. Rg6 Rxa3 42. Bd6+ Kf7 43. Bxa3 Ra2 44. Bc5 Re2 45. Re6 Rc2 46. Bd6 Rc6 47. Kf2 b4 48. Bxb4 Rc2+ 49. Kf3 Rb2 50. Bd2 Rb3+ 51. Kg4 1-0

[Event "January 2 Late 2024"]
[Site "https://www.chess.com"]
[Date "2024.01.02"]
[Round "5"]
[White "Bouget, Alexandre"]
[Black "Ambartsumova, Karina"]
[Result "0-1"]
[Board "106"]
[TimeControl "180+1"]
[WhiteFideId "681318"]
[BlackFideId "4166299"]
[WhiteElo "2438"]
[BlackElo "2607"]
[WhiteTeam "FRA"]
[BlackTeam "RUS"]
[WhiteClock "0:00:20"]
[BlackClock "0:01:13"]

1. d4 Nf6 2. Nc3 d5 3. Bf4 g6 4. Qd2 Bg7 5. Bh6 Bxh6 6. Qxh6 c5 7. e3 Nc6 8. Nf3 Bf5 9. Bb5 Qb6 10. O-O O-O-O 11. dxc5 Qxc5 12. Bxc6 Qxc6 13. Nd4 Qd7 14. Ncb5 a6 15. Nxf5 Qxf5 16. Nd4 Qe5 17. c4 dxc4 18. Rac1 Kb8 19. Rxc4 Ng4 20. Qh4 h5 21. Rb4 Ka8 22. Rc1 Rc8 23. Rbc4 Rxc4 24. Rxc4 Rd8 25. Qg3 Qxg3 26. hxg3 e5 27. Kf1 exd4 28. exd4 Kb8 29. Ke2 b5 30. Rc6 Kb7 0-1

[Event "January 2 Late 2024"]
[Site "https://www.chess.com"]
[Date "2024.01.02"]
[Round "5"]
[White "Olenik Campa, Rudi"]
[Black "Salman, Ilhan Serhat"]
[Result "0-1"]
[Board "107"]
[TimeControl "180+1"]
[WhiteFideId "14633264"]
[BlackFideId "6361579"]
[WhiteElo "2604"]
[BlackElo "2437"]
[WhiteTeam "SLO"]
[BlackTeam "TUR"]
[WhiteClock "0:01:41"]
[BlackClock "0:01:11"]

1. e4 c5 2. Nf3 g6 3. c3 Bg7 4. d4 cxd4 5. cxd4 d5 6. e5 Nh6 7. Bb5+ Nc6 8. O-O O-O 9. Bxc6 bxc6 10. Be3 Nf5 11. Qd2 Nxe3 12. Qxe3 Qb6 13. Qd2 Rb8 14. b3 Bg4 15. Ne1 c5 16. h3 Bf5 17. dxc5 Qxc5 18. Nf3 Be4 19. Re1 Bxf3 20. gxf3 e6 21. Nc3 Rfc8 22. Na4 Qe7 23. Qd4 Rb4 24. Qd2 Qh4 25. Kh2 Bh6 26. Qd3 Bf4+ 27. Kg2 Qg5+ 28. Kh1 Bxe5 29. Rad1 Qf4 30. Kg1 Qh2+ 31. Kf1 Qxh3+ 32. Ke2 Rd4 33. Qb1 Rxd1 34. Rxd1 Qf5 35. Rc1 Qxb1 0-1

[Event "January 2 Late 2024"]
[Site "https://www.chess.com"]
[Date "2024.01.02"]
[Round "5"]
[White "Gontcharov, Vladislav"]
[Black "Urbina Perez, Juan Antonio"]
[Result "1-0"]
[Board "108"]
[TimeControl "180+1"]
[WhiteFideId "4123492"]
[BlackFideId "2217368"]
[WhiteElo "2600"]
[BlackElo "2436"]
[WhiteTeam "RUS"]
[BlackTeam "ESP"]
[WhiteClock "0:01:01"]
[BlackClock "0:00:11"]

1. d4 d5 2. c4 c6 3. Nf3 Nf6 4. e3 Bg4 5. cxd5 Bxf3 6. Qxf3 cxd5 7. Nc3 e6 8. Bd3 Bd6 9. O-O O-O 10. e4 dxe4 11. Nxe4 Nc6 12. Bg5 Be7 13. Rad1 Nxd4 14. Qh3 Nxe4 15. Bxe4 f5 16. Bxb7 Bxg5 17. Bxa8 Ne2+ 18. Kh1 Qxa8 19. Qh5 Qxg2+ 20. Kxg2 Nf4+ 21. Kf3 Nxh5 22. Rd7 Rf7 23. Rfd1 Nf6 24. Rd8+ Rf8 25. Rxf8+ Kxf8 26. Rd8+ Kf7 27. Ra8 e5 28. Rxa7+ Kg6 29. a4 e4+ 30. Ke2 f4 31. a5 f3+ 32. Kf1 Ng4 33. h3 Nh2+ 34. Kg1 e3 35. Ra6+ Kf5 36. fxe3 Ng4 37. hxg4+ Kxg4 38. Re6 Kf5 39. Re8 h5 40. a6 h4 41. a7 h3 42. a8=Q h2+ 43. Kxh2 f2 44. Qe4+ 1-0

[Event "January 2 Late 2024"]
[Site "https://www.chess.com"]
[Date "2024.01.02"]
[Round "5"]
[White "Musalov, Ruslan"]
[Black "Zomorrodian, Eilia"]
[Result "0-1"]
[Board "109"]
[TimeControl "180+1"]
[WhiteFideId "4141490"]
[BlackFideId "12551805"]
[WhiteElo "2435"]
[BlackElo "2588"]
[WhiteTeam "RUS"]
[BlackTeam "CAN"]
[WhiteClock "0:00:00"]
[BlackClock "0:00:20"]

1. e4 c5 2. Nf3 e6 3. d4 cxd4 4. Nxd4 a6 5. Nc3 b5 6. a3 Bb7 7. Bd3 Qc7 8. O-O Nf6 9. Re1 d6 10. Nd5 exd5 11. exd5+ Kd8 12. Bg5 Nd7 13. Qe2 Ne5 14. f4 Qc5 15. c3 Nxd3 16. Qxd3 Be7 17. Re2 h6 18. Bh4 g5 19. fxg5 hxg5 20. Bxg5 Qxd5 21. Bf4 Ne4 22. Rae1 f5 23. b3 Bf6 24. Be3 Rc8 25. c4 bxc4 26. bxc4 Qxc4 27. Qd1 Nc3 28. Ne6+ Kd7 29. Qd2 Nxe2+ 30. Rxe2 Qxe6 31. Qb4 Qd5 32. h3 Rhg8 0-1

[Event "January 2 Late 2024"]
[Site "https://www.chess.com"]
[Date "2024.01.02"]
[Round "5"]
[White "Suvorov, Alexander"]
[Black "Grycel, Kamil"]
[Result "1-0"]
[Board "110"]
[TimeControl "180+1"]
[WhiteFideId "12977063"]
[BlackFideId "1115499"]
[WhiteElo "2433"]
[BlackElo "2587"]
[WhiteTeam "GER"]
[BlackTeam "POL"]
[WhiteClock "0:00:37"]
[BlackClock "0:00:09"]

1. Nf3 d6 2. d4 Bg4 3. Nbd2 Nf6 4. h3 Bh5 5. e4 e6 6. Bd3 d5 7. e5 Nfd7 8. c3 c5 9. g4 Bg6 10. Bxg6 hxg6 11. Kf1 Nc6 12. Kg2 Qb6 13. Nb3 cxd4 14. cxd4 a5 15. a4 Be7 16. Be3 Rc8 17. Rc1 Qb4 18. Nbd2 O-O 19. h4 f5 20. gxf5 Rxf5 21. Rh3 Rcf8 22. Rg3 Kf7 23. Qh1 b6 24. Qh3 Rh8 25. Rxc6 Nf8 26. Qg4 Qxb2 27. Bg5 Bb4 28. Rc7+ Kg8 29. Be3 Qa2 30. Rc8 g5 31. Nxg5 Bxd2 32. Nxe6 Rf7 33. Qxg7+ 1-0

[Event "January 2 Late 2024"]
[Site "https://www.chess.com"]
[Date "2024.01.02"]
[Round "5"]
[White "Palczert, Matyas"]
[Black "Jaque Gutierrez, Matias"]
[Result "1-0"]
[Board "111"]
[TimeControl "180+1"]
[WhiteFideId "784958"]
[BlackFideId "3426980"]
[WhiteElo "2580"]
[BlackElo "2433"]
[WhiteTeam "HUN"]
[BlackTeam "CHI"]
[WhiteClock "0:00:27"]
[BlackClock "0:00:10"]

1. d4 d5 2. e4 dxe4 3. Nc3 Nf6 4. f3 exf3 5. Nxf3 g6 6. Bc4 e6 7. O-O Bg7 8. Bg5 h6 9. Bxf6 Bxf6 10. Ne4 Bg7 11. Ne5 O-O 12. c3 Nd7 13. Nxf7 Rxf7 14. Bxe6 Nf6 15. Bxf7+ Kxf7 16. Nxf6 Bxf6 17. Qb3+ Be6 18. Qxb7 Bd5 19. Qa6 c6 20. Qb7+ Ke6 21. Rae1+ Kd6 22. Rxf6+ Qxf6 23. Qxa8 Qg5 24. Qb8+ Kd7 25. Qe8+ Kc7 26. Qe7+ Qxe7 27. Rxe7+ Kb6 28. g3 Bxa2 29. Kf2 Kb5 30. Rxa7 Bd5 31. Ke3 Kc4 32. Rb7 Be6 33. Rb4+ Kd5 34. c4+ Kd6 35. b3 Bf5 36. Rb6 Bc8 37. d5 Bd7 38. Rxc6+ Bxc6 39. dxc6 Kxc6 40. Kd4 Kb6 1-0

[Event "January 2 Late 2024"]
[Site "https://www.chess.com"]
[Date "2024.01.02"]
[Round "5"]
[White "Aggelis, Nikolaos"]
[Black "Dinu, Dumitru-Daniel"]
[Result "0-1"]
[Board "112"]
[TimeControl "180+1"]
[WhiteFideId "4213220"]
[BlackFideId "1208403"]
[WhiteElo "2579"]
[BlackElo "2512"]
[WhiteTeam "GRE"]
[BlackTeam "ROU"]
[WhiteClock "0:00:04"]
[BlackClock "0:00:16"]

1. c4 e5 2. g3 Nc6 3. Bg2 g6 4. Nc3 Bg7 5. e3 Nge7 6. Nge2 h5 7. O-O h4 8. d4 exd4 9. exd4 hxg3 10. hxg3 d6 11. Be3 Bh3 12. Nf4 Bxg2 13. Kxg2 Qd7 14. Rh1 O-O-O 15. Qa4 a6 16. d5 Ne5 17. Qxd7+ Kxd7 18. c5 Nc4 19. Nd3 Nxe3+ 20. fxe3 Bxc3 21. bxc3 Nxd5 22. cxd6 cxd6 23. Rxh8 Rxh8 24. Rb1 b5 25. Nb4 Nxc3 26. Rc1 a5 27. Rxc3 axb4 28. Rb3 Re8 29. Kf3 Kc6 30. Rxb4 Kc5 31. Rb2 b4 32. Rc2+ Kb5 33. Rd2 Rd8 34. Rd5+ Kc4 35. Ra5 Rc8 36. Ra7 f5 37. Ra6 Rd8 38. Ke2 Kb5 39. Ra7 Rh8 40. Kf3 Rh2 41. Ra8 Kc4 42. Ra6 d5 43. Ra8 Kc3 44. Ra5 d4 45. exd4 Kxd4 46. g4 Rh3+ 47. Kg2 Ra3 48. Rb5 Rxa2+ 49. Kg3 Kc4 50. Rb6 fxg4 51. Kxg4 b3 52. Rc6+ Kd3 53. Rd6+ Kc2 54. Rc6+ Kb1 55. Rxg6 Rg2+ 0-1

[Event "January 2 Late 2024"]
[Site "https://www.chess.com"]
[Date "2024.01.02"]
[Round "5"]
[White "Bellissimo, Joseph F."]
[Black "Andrews, Todd"]
[Result "1-0"]
[Board "113"]
[TimeControl "180+1"]
[WhiteFideId "2609843"]
[BlackFideId "2012456"]
[WhiteElo "2430"]
[BlackElo "2578"]
[WhiteTeam "CAN"]
[BlackTeam "USA"]
[WhiteClock "0:00:10"]
[BlackClock "0:00:00"]

1. e4 e6 2. d4 d5 3. Nd2 Nf6 4. e5 Nfd7 5. f4 c5 6. c3 Nc6 7. Ndf3 Qb6 8. a3 a5 9. h4 Be7 10. Nh3 a4 11. Rb1 cxd4 12. cxd4 Qb3 13. Qe2 Bxa3 14. Kf2 Be7 15. Ra1 Nb6 16. Kg1 Nc4 17. Qf2 Bd7 18. Kh2 Rc8 19. Be2 Nb6 20. Be3 Na5 21. Nd2 Qb4 22. Rhc1 O-O 23. Bd3 f5 24. exf6 Bxf6 25. Ng5 Bxg5 26. hxg5 g6 27. Qh4 Qd6 28. Kg3 Nbc4 29. Rh1 h5 30. Nxc4 Nxc4 31. Bc1 e5 32. dxe5 Nxe5 33. fxe5 Qxe5+ 34. Bf4 Qd4 35. Bxg6 Rce8 36. Bxe8 Qd3+ 37. Kh2 Bxe8 38. Raf1 Bg6 39. Be5 Rxf1 40. Rxf1 Qxf1 41. Qb4 Qf5 42. Qd6 Qf7 43. Qd8+ Qe8 44. Qf6 1-0

[Event "January 2 Late 2024"]
[Site "https://www.chess.com"]
[Date "2024.01.02"]
[Round "5"]
[White "Federzoni, Enzo"]
[Black "AmanteDeMoi"]
[Result "1-0"]
[Board "114"]
[TimeControl "180+1"]
[WhiteFideId "2173301"]
[WhiteElo "2429"]
[BlackElo "2576"]
[WhiteTeam "BRA"]
[WhiteClock "0:00:46"]
[BlackClock "0:00:00"]

1. e4 g6 2. d4 Bg7 3. Nc3 c6 4. Nf3 d5 5. Bd3 dxe4 6. Nxe4 Bg4 7. c3 Nd7 8. O-O Ngf6 9. h3 Nxe4 10. Bxe4 Bxf3 11. Bxf3 O-O 12. Re1 e5 13. d5 c5 14. Be3 f5 15. d6 e4 16. Qd5+ Kh8 17. Be2 f4 18. Bd2 f3 19. Bf1 Nf6 20. Qxb7 Qxd6 21. Rad1 Rab8 22. Qxa7 Qe6 23. b3 Ra8 24. Qxc5 Rxa2 25. b4 Ng8 26. Bc4 Qe8 27. Bxa2 Rf5 28. Qe3 fxg2 29. Qxe4 Qa4 30. Bxg8 Kxg8 31. Qc4+ Kh8 32. Re8+ Qxe8 33. Re1 h5 34. Rxe8+ 1-0

[Event "January 2 Late 2024"]
[Site "https://www.chess.com"]
[Date "2024.01.02"]
[Round "5"]
[White "Shubenkova, Veronika"]
[Black "Karpov, Vadim"]
[Result "1-0"]
[Board "115"]
[TimeControl "180+1"]
[WhiteFideId "44124040"]
[BlackFideId "4155025"]
[WhiteElo "2576"]
[BlackElo "2427"]
[WhiteTeam "RUS"]
[BlackTeam "RUS"]
[WhiteClock "0:00:48"]
[BlackClock "0:00:53"]

1. e4 e6 2. d4 d5 3. exd5 exd5 4. Nf3 Bd6 5. c3 Ne7 6. Bd3 O-O 7. O-O Bf5 8. Re1 Nbc6 9. Bg5 Bxd3 10. Qxd3 f6 11. Bh4 Qd7 12. Nbd2 Rfe8 13. Bg3 Bxg3 14. hxg3 a6 15. a3 Qf5 16. Qf1 Ng6 17. c4 Qd7 18. Rac1 Rad8 19. Nb3 Rxe1 20. Rxe1 dxc4 21. Qxc4+ Qf7 22. Qc3 Qd5 23. Nc5 Nxd4 24. Nxd4 Qxd4 25. Qb3+ Kh8 26. Nxb7 Qd2 27. Nxd8 Qxe1+ 28. Kh2 Ne5 29. Nf7+ Kg8 30. Nxe5+ 1-0